 Dungeon Crawl Stone Soup version 0.31.0-11-ge490571c62 (webtiles) character file.

Game seed: 12805140929394420194

79 hikkokomori the Magician (level 4, -9/26 HPs)
             Began as a Deep Elf Hedge Wizard on Feb 3, 2024.
             Mangled by Menkaure (23 damage)
             ... on level 4 of the Dungeon.
             The game lasted 00:04:02 (2805 turns).

hikkokomori the Magician (Deep Elf Hedge Wizard)    Turns: 2805, Time: 00:04:02

Health: -9/26      AC:  2    Str:  7    XL:     4   Next: 16%
Magic:  11/13      EV: 12    Int: 21    God:
Gold:   6          SH:  0    Dex: 14    Spells: 1/13 levels left

rFire   . . .        f - +2 spear (vamp)
rCold   . . .        (no shield)
rNeg    . . .        b - +0 robe
rPois   .            c - +0 hat
rElec   .            (no cloak)
rCorr   .            (no gloves)
SInv    .            (no boots)
Will    .....        (no amulet)
Stlth   ++           (no ring)
HPRegen 0.24/turn    (no ring)
MPRegen 0.13/turn

%: no passive effects
@: no status effects
A: no striking features
a: no special abilities


You were on level 4 of the Dungeon.
You visited 1 branch of the dungeon, and saw 5 of its levels.

You collected 81 gold pieces.
You spent 75 gold pieces at shops.

Inventory:

Hand Weapons
 a - a +0 dagger
 f - a +2 vampiric spear (weapon)
Missiles
 k - 5 atropa-tipped darts
Armour
 b - a +0 robe (worn)
 c - a +0 hat (worn)
Scrolls
 g - a scroll of enchant weapon
 l - 2 scrolls of blinking
 m - a scroll of summoning
Potions
 d - a potion of magic
 h - a potion of mutation
 i - a potion of heal wounds
 j - 2 potions of might


   Skills:
 + Level 1.6 Fighting
 - Level 2.4 Dodging
 + Level 2.4 Stealth
 + Level 5.3 Spellcasting
 + Level 2.6 Conjurations
 - Level 1.1 Summonings
 - Level 1.1 Translocations
 + Level 0.0 Air Magic
 + Level 0.0 Alchemy


You had one spell level left.
You knew the following spells:

 Your Spells              Type           Power      Damage    Failure   Level
a - Magic Dart            Conj           64%        1d6       3%          1
b - Blink                 Tloc           20%        N/A       10%         2
c - Mephitic Cloud        Conj/Alch/Air  9%         N/A       22%         3
d - Fulminant Prism       Conj/Alch      5%         3d7       52%         4
e - Call Imp              Summ           20%        N/A       10%         2

Your spell library contained the following spells:

 Spells                   Type           Power      Damage    Failure   Level
 Slow                     Hex            20%        N/A       11%         1
 Searing Ray              Conj           32%        2d5       5%          2
 Cigotuvi's Dreadful Rot  Necr/Alch/Air  10%        N/A       16%         2
 Volatile Blastmotes      Fire/Tloc      14%        2d11      26%         3
 Fugue of the Fallen      Necr           5%         N/A       30%         3
 Inner Flame              Hex/Fire       5%         N/A       30%         3
 Ozocubu's Armour         Ice            5%         N/A       30%         3
 Iskenderun's Mystic Bla  Conj/Tloc      13%        2d5       43%         4
 Manifold Assault         Tloc           10%        N/A       54%         4
 Irradiate                Conj/Alch      5%         3d13      86%         5
 Ignition                 Fire           2%         3d3       100%        8


Dungeon Overview and Level Annotations

Branches:
Dungeon (5/15)
 Temple: D:4-7

Altars:

Shops:
D:4 ?

Annotations:
D:4 Menkaure


Message History

You finish memorising.
Spell assigned to 'b'.
This spell is extremely dangerous to cast!
You start memorising the spell.
You continue memorising. x3
You finish memorising.
Spell assigned to 'c'.
This spell is astonishingly dangerous to cast!
You start memorising the spell.
You continue memorising. x4
You finish memorising.
Spell assigned to 'd'.
You start memorising the spell.
You continue memorising. x2
You finish memorising.
Spell assigned to 'e'.
Okay, then.
Casting: Magic Dart (safe; 3% risk of failure)
Confirm with . or Enter, or press ? or * to list all spells.
Okay, then.
There is an entrance to Tyf Amny's Magic Scroll Shoppe here.
There is a stone staircase leading down here.
Menkaure, Prince of Dust comes into view.
Found a club.
Menkaure is nearby!
Menkaure is nearby!
Menkaure is nearby!
Found 7 stones.
Casting: Magic Dart (safe; 3% risk of failure)
Confirm with . or Enter, or press ? or * to list all spells.
A tiny devil pulls itself out of the air.
The helpless Menkaure fails to defend himself.
You hit Menkaure.
Menkaure is lightly damaged.
Menkaure calls on the powers of darkness!
Your body is wracked with pain!
Your cerulean imp barely misses Menkaure.
Unknown command.
Casting: Call Imp (safe; 10% risk of failure)
Confirm with . or Enter, or press ? or * to list all spells.
Aiming: Magic Dart (safe; 3% risk of failure)
Press: ? - help, Shift-Dir - straight line, f - Menkaure
Aim: Menkaure (lightly damaged, ally target, 100% to hit)
Okay, then.
Menkaure attacks as he pursues you! Menkaure hits you!!
Ouch! That really hurt!
You die...

.#####..###.# #
#..###.##.##
###..........#
.###....$......##
.......#....####
.....##...##
###..#.....#
#..M5(.#....#
#.♣P@♣♣..##.# ..
♣~~♣ ...... ##
♣♣.♣ ♣###. ♣~♣
P~♣ .~. ~~~ P.~~


You could see Menkaure (ally target) and a friendly cerulean imp (summoned).

Vanquished Creatures
  3 adders
  A dart slug (D:2)
  An orc (D:3)
  7 ball pythons
  7 endoplasms
  2 giant cockroaches
  3 goblins
  4 hobgoblins
  2 jackals (D:3)
  3 quokkas
  5 bats
  A frilled lizard (D:3)
  3 kobolds
  5 rats
47 creatures vanquished.

Notes
Turn   | Place    | Note
-------+----------+-------------------------------------------
     0 | D:1      | hikkokomori the Deep Elf Hedge Wizard began the quest for
                  | the Orb.
     0 | D:1      | Reached XP level 1. HP: 10/10 MP: 7/7
   284 | D:1      | Found a faded altar of an unknown god.
   384 | D:1      | Reached XP level 2. HP: 16/16 MP: 5/9
  1023 | D:2      | Reached skill level 1 in Fighting
  1094 | D:2      | Reached XP level 3. HP: 20/20 MP: 9/11
  1293 | D:2      | Reached skill level 5 in Spellcasting
  2407 | D:3      | Reached XP level 4. HP: 25/25 MP: 10/13
  2689 | D:4      | Found Tyf Amny's Magic Scroll Shoppe.
  2731 | D:4      | Bought a scroll of blinking for 75 gold pieces
  2738 | D:5      | Entered Level 5 of the Dungeon
  2744 | D:5      | Noticed a centaur
  2771 | D:4      | Learned a level 2 spell: Blink
  2775 | D:4      | Learned a level 3 spell: Mephitic Cloud
  2780 | D:4      | Learned a level 4 spell: Fulminant Prism
  2783 | D:4      | Learned a level 2 spell: Call Imp
  2788 | D:4      | Noticed Menkaure
  2805 | D:4      | Mangled by Menkaure

Illustrated notes

Levels and vault maps discovered:
D:1:      mrwooster_arrival_statue, layout_basic,
          hellmonk_ecumenical_altar_pennies_from_heaven
D:2:      layout_loops_ring, serial_bayou_ford_a
D:3:      layout_loops_ring, minmay_crystal_room
D:4:      layout_loops_ring, grunt_temple_overflow_champion_of_chaos,
          nicolae_overflow_squiral, grunt_dithmenos_smoke_and_mirrors,
          serial_bayou, serial_bayou_lake_a, serial_bayou_lagoon_a,
          serial_bayou_crossing, serial_bayou_pond_d, serial_shops,
          nicolae_stop_n_shop_1, kennysheep_minor_cross,
          kennysheep_generic_room_10, uniq_menkaure
D:5:      layout_rooms, nemelex_spade_bored_becter, minmay_shop_grid_forest,
          nrook_pool_corridor

Skill      XL: |  1  2  3 |
---------------+----------+-----
Fighting       | 1 |  1.6
Conjurations   | 2 |  2.6
Spellcasting   | 5 |  5.3
Dodging        | |  2.4
Stealth        | |  2.4
Summonings     | |  1.1
Translocations | |  1.1

Action                     |  1- 3 |  4- 6 || total
---------------------------+-------+-------++-------
  Melee: Dagger            |     1 |       ||     1
         Spear             |    25 |     1 ||    26
   Cast: Magic Dart        |    89 |    10 ||    99
         Call Imp          |       |     1 ||     1
    Use: Scroll            |       |     5 ||     5
   Stab: Sleeping          |     1 |     1 ||     2
 Armour: Robe              |    13 |     2 ||    15
  Dodge: Dodged            |    21 |       ||    21
